AoeStats
← Lady Palmerita

Arabia

509216320Analyzed
1v1 RM · 7d ago on Sep 25, 2026· 32m 31s· 2 players
Game mode
Random Map
Map size
Tiny (2 player)
Population
200
Speed
Normal
Resources
Standard
Victory
Conquest
Starting age
Dark Age
Ending age
Imperial Age
RankedLock teamsTeams togetherTeam positionsShared explorationLock speedFull tech treeHidden civsTurbo modeCheats
Victory
Defeat
🇧🇪 Teutons · Belgium
529
+17
🇦🇷 Persians · Argentina
550
-17
da
12:31 Feudal Age
13:05 Double-Bit Axe
15:12 Bloodlines
15:22 Forging
15:13 Scale Mail Armor
15:53 Horse Collar
16:54 Gold Mining
20:32 Padded Archer Armor
25:30 Stone Mining
30:14 Castle Age
32:37 Iron Casting
32:18 Chain Mail Armor
32:09 Scale Barding Armor
31:28 Pikeman
32:09 Squires
31:35 Elite Skirmisher
32:41 Bow Saw
Lady Palmerita
3:31 Loom
10:49 Feudal Age
12:16 Wheelbarrow
11:29 Double-Bit Axe
12:21 Town Watch
12:21 Horse Collar
18:21 Bloodlines
22:14 Castle Age
25:19 Hand Cart
25:27 Town Patrol
25:59 Husbandry
26:14 Forging
27:09 Man-at-Arms
29:29 Scale Barding Armor
29:31 Squires
29:57 Bow Saw
29:53 Heavy Plow
30:29 Long Swordsman
32:08 Gambesons
32:36 Scale Mail Armor
Connection lost

Rejoining the realm…

Still unreachable

The connection could not be restored.

Session expired

The server has moved on; the page needs a fresh start.